 Dungeon Crawl Stone Soup version 0.27.0-1-g7a089689b8 (webtiles) character file.

Game seed: 13894085358140957738

170 ZombieSheep the Vandal (level 5, -4/27 HPs)
             Began as a Spriggan Hunter on Aug 1, 2021.
             Was an Initiate of Okawaru.
             Slain by Duvessa (6 damage)
             ... on level 3 of the Dungeon.
             The game lasted 00:06:49 (3607 turns).

ZombieSheep the Vandal (Spriggan Hunter)            Turns: 3607, Time: 00:06:50

Health: -4/27      AC:  4    Str:  8    XL:     5   Next: 25%
Magic:  7/7        EV: 18    Int: 12    God:    Okawaru [......]
Gold:   116        SH:  0    Dex: 17    Spells: 4/4 levels left

rFire    + . .     SeeInvis +   a - +1 hunting sling (freeze)
rCold    . . .     Faith    .   (shield restricted)
rNeg     . . .     Spirit   .   h - +1 robe {rF+}
rPois    .         Reflect  .   (helmet restricted)
rElec    .         Harm     .   q - +0 cloak
rCorr    .         Rampage  .   (gloves unavailable)
Will     .....                  (boots unavailable)
Stlth    +++.......             (no amulet)
HPRegen  0.09/turn              (no ring)
MPRegen  0.10/turn              (no ring)

@: brilliant, lethally poisoned (-4 -> -6), flying, hasted, very quick
A: very small, no large weapons, unfitting armour, see invisible, speed 3
a: Renounce Religion


You were on level 3 of the Dungeon.
You worshipped Okawaru.
Okawaru was noncommittal.
You visited 1 branch of the dungeon, and saw 4 of its levels.

You collected 116 gold pieces.

Inventory:

Hand Weapons
 a - a +1 hunting sling of freezing (weapon)
 b - a +0 short sword
Missiles
 d - 9 sling bullets
 g - 104 stones (quivered ammo)
 p - a throwing net
Armour
 h - a +1 robe of fire resistance (worn)
 q - a +0 cloak (worn)
Wands
 n - a wand of paralysis (4)
Scrolls
 c - a scroll of magic mapping
 k - a scroll of brand weapon
 l - a scroll of enchant weapon {unknown}
 m - a scroll of teleportation
Potions
 e - a potion of ambrosia {unknown}
 j - a potion of flight
 o - a potion of brilliance


   Skills:
 + Level 2.3 Fighting
 - Level 0.6 Short Blades
 + Level 5.5 Slings
 + Level 4.0 Dodging
 + Level 3.8 Stealth
 + Level 1.8 Invocations


You had 4 spell levels left.
You didn't know any spells.
Your spell library contained the following spells:

 Spells                   Type           Power      Damage    Failure   Level
 Blink                    Tloc           N/A        N/A       45%         2
 Slow                     Hex            0%         N/A       45%         2
 Confusing Touch          Hex            0%         N/A       69%         3
 Vampiric Draining        Necr           0%         2d6       69%         3
 Manifold Assault         Tloc           0%         N/A       100%        5
 Storm Form               Tmut/Air       0%         N/A       100%        7


Dungeon Overview and Level Annotations

Branches:
Dungeon (4/15)
 Temple: D:4-7

Altars:
Okawaru

Shops:
D:2 =

Annotations:
D:3 Duvessa


Innate Abilities, Weirdness & Mutations

You are very small and have problems with some larger weapons.
You are too small for most types of armour.
You have supernaturally acute eyesight. (SInv)
You cover ground extremely quickly. (Speed+++)


Message History

You shoot a stone. The stone completely misses Duvessa.
Duvessa rages.
Duvessa is no longer berserk.
You shoot a stone. The stone barely misses Duvessa.
You shoot a stone.
The stone hits Duvessa but does no damage.
You shoot a stone. The stone barely misses Duvessa.
Duvessa hits you with a +1 short sword of venom!
You shoot a stone.
The stone hits Duvessa but does no damage.
There is a stone staircase leading up here.
Duvessa says, "The sword shall overcome grief!"
Duvessa hits you with a +1 short sword of venom!
You are lethally poisoned!
You climb upwards.
* * * LOW HITPOINT WARNING * * *
You feel very sick.
There is a stone staircase leading down here.
You feel better.
Duvessa hits you with a +1 short sword of venom!
You are lethally poisoned!
* * * LOW HITPOINT WARNING * * *
You feel sick.
You see here 6 javelins.
* * * LOW HITPOINT WARNING * * *
You feel sick.
It was a potion of flight.
You feel very buoyant.
You fly up into the air.
* * * LOW HITPOINT WARNING * * *
You feel sick.
It was a potion of brilliance.
You feel clever all of a sudden.
* * * LOW HITPOINT WARNING * * *
You feel sick.
Duvessa looks more energetic.
Duvessa closely misses you.
It was a potion of haste.
You feel yourself speed up.
* * * LOW HITPOINT WARNING * * *
You feel sick.
Duvessa hits you with a +1 short sword of venom.
You die...

.#.#...##........# #...######.###
.....####........# ##....# #....#
###.#####........# ###...###....#
..>....#.........###...#........#
..####...............######.....#
#..##............##### ##....#
##....##.........# #....#
##..##...<......################
###.....#......e@..........#
...............(...........#
.#########....>............# .#
#######...........# .#
##..........# ## #..........#
############


You could see Duvessa (fast).

Vanquished Creatures
  Dowan (D:4)
  Ijyb (D:3)
  4 adders
  A gnoll (D:2)
  A worm (D:2)
  7 bats
  11 endoplasms
  3 goblins
  2 hobgoblins
  5 jackals
  4 quokkas
  A ball python (D:3)
  4 frilled lizards
  4 rats
49 creatures vanquished.

Notes
Turn   | Place    | Note
-------+----------+-------------------------------------------
     0 | D:1      | ZombieSheep the Spriggan Hunter began the quest for the
                  | Orb.
     0 | D:1      | Reached XP level 1. HP: 10/10 MP: 2/2
    31 | D:1      | Found an iron altar of Okawaru.
    68 | D:1      | Reached XP level 2. HP: 10/15 MP: 3/3
   195 | D:1      | Became a worshipper of Warmaster Okawaru
   597 | D:1      | Reached skill level 5 in Slings
   701 | D:1      | Found a faded altar of an unknown god.
  1529 | D:2      | Reached XP level 3. HP: 18/18 MP: 4/4
  1712 | D:2      | Reached skill level 1 in Invocations
  1981 | D:2      | Reached XP level 4. HP: 15/23 MP: 5/5
  2197 | D:2      | Found Foyklyas's Jewellery Shop.
  3184 | D:4      | Noticed Duvessa
  3184 | D:4      | Noticed Dowan
  3426 | D:4      | Noticed Ijyb
  3429 | D:4      | Paralysed by Ijyb for 4 turns
  3466 | D:3      | Paralysed by Ijyb for 4 turns
  3475 | D:3      | Killed Ijyb
  3563 | D:4      | Killed Dowan
  3564 | D:4      | Reached XP level 5. HP: 27/27 MP: 7/7
  3607 | D:3      | Slain by Duvessa

Illustrated notes

Levels and vault maps discovered:
D:1:      mrwooster_arrival_statue, layout_basic,
          shapermc_ecumenical_altar_venn, minmay_hexomino_r4
D:2:      wad_river_or_something, layout_basic, serial_shops,
          nicolae_shop_stone, minmay_misc_feat_alley
D:3:      layout_rooms
D:4:      layout_layer_cave, nicolae_shop_self_help, uniq_duvessa, uniq_ijyb

Skill      XL: |  1  2  3  4 |
---------------+-------------+-----
Stealth        | 2 3 |  3.8
Dodging        | 3 4 |  4.0
Slings         | 5 |  5.5
Fighting       | 2 |  2.3
Invocations    | 1 |  1.8
Short Blades   | |  0.6

Action                   |  1- 3 |  4- 6 || total
-------------------------+-------+-------++-------
Melee: Short sword       |    45 |       ||    45
 Fire: Hunting sling     |    91 |    82 ||   173
  Use: Scroll            |     1 |     7 ||     8
       Potion            |       |     5 ||     5
 Stab: Sleeping          |     2 |       ||     2
Armor: Robe              |     6 |     2 ||     8
Dodge: Dodged            |    49 |    21 ||    70
